 Dungeon Crawl Stone Soup version 0.32-a0-643-ga006e7742e (webtiles) character file.

Game seed: 3611797710277663686

7 sleeves the Sneak (level 1, -15/18 HPs)
             Began as an Armataur Delver on Mar 7, 2024.
             Demolished by an ogre
             ... wielding a +0 giant spiked club
              (33 damage)
             ... on level 5 of the Dungeon.
             The game lasted 00:02:43 (239 turns).

sleeves the Sneak (Armataur Delver)                  Turns: 239, Time: 00:02:43

Health: -15/18     AC:  4    Str: 17    XL:     1   Next: 91%
Magic:  1/1        EV:  9    Int: 10    God:
Gold:   0          SH:  0    Dex: 11    Spells: 0/0 levels left

rFire   . . .        a - +0 falchion
rCold   . . .        (no shield)
rNeg    . . .        b - +0 leather armour
rPois   .            (no helmet)
rElec   .            (no cloak)
rCorr   .            (no gloves)
SInv    .            (no barding)
Will    .....        (no amulet)
Stlth   +++          (no ring)
HPRegen 0.23/turn    (no ring)
MPRegen 0.07/turn

%: roll
@: marked, hasted, very quick
A: large, deformed body, tough skin 3, armoured tail, roll 1
a: no special abilities


You were on level 5 of the Dungeon.
You visited 1 branch of the dungeon, and saw 2 of its levels.

Inventory:

Hand Weapons
 a - a +0 falchion (weapon)
 i - a +0 short sword
   (You found it on level 5 of the Dungeon)
Armour
 b - a +0 leather armour (worn)
Wands
 g - a wand of digging (3)
Scrolls
 c - a scroll of fog
 e - a scroll of fear
 h - a scroll of immolation {unknown}


   Skills:
 - Level 2.6 Fighting
 + Level 2.1 Long Blades
 - Level 1.3 Dodging
 + Level 5.7 Stealth


You couldn't memorise any spells.
You didn't know any spells.
Your spell library was empty.

Dungeon Overview and Level Annotations

Branches:
Dungeon (6/15)             Temple (0/1) D:5

Altars:


Innate Abilities, Weirdness & Mutations

Armour fits poorly on your strangely shaped body.
You have extremely tough skin. (AC +3)
You have a long armoured tail.
You regenerate magic when rolling toward enemies. (Rampage MPRegen)


Message History

Welcome, sleeves the Armataur Delver.
It's a long way down to the Orb of Zot, but that shouldn't be any trouble.
Press ? for a list of commands and other information.
Found a scroll labelled HAGHIXTOCEE, a short sword and 16 gold pieces.
Found two stone staircases leading down.
There is a stone staircase leading down here.
h - a scroll labelled HAGHIXTOCEE
There is a stone staircase leading down here.
You climb downwards.
Found a stone staircase leading down.
There is a stone staircase leading up here.
You climb upwards.
There is a stone staircase leading down here.
There is a stone staircase leading down here.
You can't go up here!
You climb downwards.
There is a stone staircase leading up here.
You climb upwards.
There is a stone staircase leading down here.
Found a black potion.
A jelly comes into view.
You see here a +0 short sword.
i - a +0 short sword A shadow imp comes into view.
Found 12 gold pieces.
The shadow imp shouts, "Take thy face hence, thou surly ruttish nothing!"
Okay, then.
As you read the scroll of revelation, it crumbles to dust.
You feel aware of your surroundings.
You sensed 3 altars, and 1 shop/portal.
You don't know any spells.
Press: ? - help, v - describe, . - travel The floor.
There is a stone staircase leading down here.
You climb downwards.
There is a stone staircase leading up here.
There is a stone staircase leading down here.
A black bear comes into view.
You open the door.
There is an open door here.
Found a stone staircase leading up.
You open the door.
There is an open door here.
An iguana comes into view.
There is a stone staircase leading up here.
You climb upwards.
The orc wizard shouts! x2; The orc shouts!
You hear an angry hiss.
You hear a shout!
Found 12 gold pieces.
There is a stone staircase leading down here.
The orc wizard casts a spell at you. You resist with significant effort.
You climb downwards.
There is a stone staircase leading up here.
There is an open door here.
There is a stone staircase leading up here.
You climb upwards.
There is a stone staircase leading down here.
Okay, then.
You roll towards the shadow imp!
The shadow imp hits you.
You closely miss the shadow imp.
Your tail-slap misses the shadow imp.
The shadow imp hits you but does no damage.
You barely miss the shadow imp. The shadow imp closely misses you.
You hit the shadow imp but do no damage.
You tail-slap the shadow imp!
The shadow imp is severely wounded.
The shadow imp hits you but does no damage.
The shadow imp hits you.
You closely miss the shadow imp.
The shadow imp is severely wounded.
The shadow imp hits you.
You hit the shadow imp.
You kill the shadow imp!
Your Long Blades skill increases to level 2!
You start resting.
HP restored.
You see here a black potion.
A black bear and an adder come into view.
You see here a black potion.
Found 5 stones.
An iguana comes into view.
A malevolent force fills the Dungeon...
With a horrendous wail, an alarm goes off!
A sentinel's mark forms upon you.
You hear a shout!
You hear an angry hiss. x2; You hear an angry growl.
You hear a shout!
You hear an angry growl.
You hear an angry hiss.
Okay, then.
You feel yourself speed up.
An ogre comes into view. It is wielding a +0 giant spiked club.
An ogre comes into view. It is wielding a +0 giant club.
Found a scroll labelled XEAXIO COOL.
The ogre attacks as it pursues you!
The ogre hits you with a +0 giant spiked club!!
Ouch! That really hurt!
You die...

*,,,* *#.# *,,,,,,,,** **,,*
*##.#* *,,**,,*,,* *,,* ##$.#*
*,***,,,,,** ****##...#
*,**,,***,,* #...#* *,**,**,**,*
#########...# **,,,,*,,,*,,
########....# *,,,****,****
########....#########..#*,,*+*,,*
.######.........@......#,,,+,+,_,
..#####.........O..O...#*,**,**,*
..####...####........?..***,*,***
..###...## ###(......#.,,,,*,,,,
>......## #########*,,,***,,,
#.....### **,,,,,,** #########
*,****** ######### *,* #########
***


You could see 2 ogres.

Vanquished Creatures
  A shadow imp (D:5)
1 creature vanquished.

Notes
Turn   | Place    | Note
-------+----------+-------------------------------------------
     0 | D:5      | sleeves the Armataur Delver began the quest for the Orb.
     0 | D:5      | Reached XP level 1. HP: 18/18 MP: 1/1
    18 | D:5      | Noticed a jelly
    66 | D:6      | Noticed a black bear
    81 | D:6      | Noticed an iguana
    83 | D:5      | Noticed a scorpion
    83 | D:5      | Noticed an orc wizard
    83 | D:5      | Noticed an orc wizard
    83 | D:5      | Noticed an orc wizard
   108 | D:5      | Reached skill level 2 in Long Blades
   150 | D:5      | Noticed a black bear
   177 | D:5      | Noticed an iguana
   234 | D:5      | Noticed an ogre
   237 | D:5      | Noticed an ogre
   239 | D:5      | Demolished by an ogre

Illustrated notes

Levels and vault maps discovered:
D:5:      layout_layer_cave, general_overflow_altar,
          mainiacjoe_overflow_tiny_flanked, nemelex_dance_club_becter,
          minmay_temple_entry_statues, serial_shops, shop
D:6:      layout_gridville

Skill      XL: |  1 |
---------------+----+-----
Long Blades    | 2 |  2.1
Fighting       | |  2.6
Dodging        | |  1.3
Stealth        | |  5.7

Action                     || total
---------------------------++-------
  Melee: Falchion          ||     5
         Tailslap          ||     1
    Use: Scroll            ||     1
         Potion            ||     1
 Armour: Leather armour    ||     6
  Dodge: Dodged            ||     1

Table legend: (Time is in decaauts)
 A = Elapsed time spent in this place.
 B = Non-inter-level travel time spent in this place.
 C = Inter-level travel time spent in this place.
 D = Time resting spent in this place.
 E = Time spent auto-exploring this place.
 F = Levels seen in this place.
 G = Mean time per level.
                   A        B        C        D        E       F      G
               +--------+--------+--------+--------+--------+-----+--------+
         Total |    240 |    153 |     87 |     18 |      0 |   2 |  120.0 |
       Dungeon |    240 |    153 |     87 |     18 |      0 |   2 |  120.0 |
               +--------+--------+--------+--------+--------+-----+--------+

Top non-repeatable levels by time:
     D:5: 186 daAuts
     D:6: 53 daAuts
